 Dungeon Crawl Stone Soup version 0.22.1-1-ga44c0e56f4 (webtiles) character file.

30988 Nixze the Severer (level 13, -3/178 HPs)
             Began as a Minotaur Fighter on Nov 3, 2018.
             Was a High Priest of Okawaru.
             Killed from afar by an electric eel (10 damage)
             ... with a bolt of electricity
             ... on level 2 of the Lair of Beasts.
             The game lasted 00:38:40 (16370 turns).

Nixze the Severer (Minotaur Fighter)               Turns: 16370, Time: 00:38:41

Health: -3/178     AC: 20    Str: 31    XL:     13   Next: 23%
Magic:  21/21      EV:  7    Int:  8    God:    Okawaru [*****.]
Gold:   979        SH: 14    Dex: 13    Spells: 25/25 levels left

rFire    + . .     SeeInvis +   S - +6 war axe (chop)
rCold    . . .     Gourm    .   c - +0 shield
rNeg     . . .     Faith    .   U - +2 plate armour {rF+}
rPois    .         Spirit   .   (helmet restricted)
rElec    .         Reflect  .   a - +0 cloak
rCorr    .         Harm     .   V - +1 pair of gloves {Dex+3}
MR       .....                  M - +0 pair of boots
Stlth    ..........             Z - amulet of rage
HPRegen  0.39/turn              e - ring of see invisible
MPRegen  0.17/turn              s - +3 ring of intelligence

@: berserking (expiring), quick
A: retaliatory headbutt, horns 2
a: Heroism, Finesse, Renounce Religion, Evoke Berserk Rage


You were on level 2 of the Lair of Beasts.
You worshipped Okawaru.
Okawaru was extremely pleased with you.
You were near starving.

You visited 2 branches of the dungeon, and saw 15 of its levels.
You also visited: Sewer.

You collected 979 gold pieces.

Inventory:

Hand Weapons
 S - a +6 war axe of chopping (weapon)
Armour
 a - a +0 cloak (worn)
 c - a +0 shield (worn)
 M - a +0 pair of boots (worn)
 U - a +2 plate armour of fire resistance (worn)
 V - a +1 pair of gloves of dexterity (worn)
Jewellery
 e - a ring of see invisible (left hand)
 s - a +3 ring of intelligence (right hand)
 Z - an amulet of rage (around neck)
Wands
 H - a wand of iceblast (22)
 I - a wand of random effects (61)
 N - a wand of clouds (7)
 Q - a wand of flame (67)
Scrolls
 d - a scroll of brand weapon
 g - 6 scrolls of fog
 h - a scroll of fear
 j - 3 scrolls of identify
 k - 4 scrolls of enchant armour
 l - 7 scrolls of teleportation
 n - a scroll of amnesia
 o - 3 scrolls of enchant weapon
 v - a scroll of magic mapping {unknown}
 x - 4 scrolls of remove curse
 y - 2 scrolls of immolation
 A - a scroll of noise {unknown}
 B - a scroll of blinking
 C - a scroll of vulnerability {unknown}
 G - a scroll of random uselessness {unknown}
 T - a scroll of holy word {unknown}
Potions
 i - 4 potions of heal wounds
 m - 6 potions of curing
 p - 2 potions of invisibility
 r - 5 potions of agility
 t - a potion of resistance
 u - 5 potions of flight
 w - 3 potions of mutation
 D - 2 potions of cancellation
 F - 3 potions of brilliance
 L - 2 potions of lignification
 O - a potion of might
 P - 3 potions of magic
Comestibles
 f - 28 rations


   Skills:
 + Level 12.3 Fighting
 * Level 16.1 Axes
 + Level 8.0 Armour
 + Level 12.2 Shields
 + Level 6.5 Spellcasting


You had 25 spell levels left.
You didn't know any spells.
Your spell library contained the following spells:

 Spells                   Type           Power        Failure   Level  Hunger
 Apportation              Tloc           #.....       94%         1    None
 Confusing Touch          Hex            #.....       94%         1    None
 Magic Dart               Conj           #...         94%         1    None
 Sting                    Conj/Pois      #...         94%         1    None
 Summon Butterflies       Summ           #.......     94%         1    None
 Summon Small Mammal      Summ           #...         94%         1    None
 Call Imp                 Summ           #.......     98%         2    ##.....
 Poisonous Vapours        Pois/Air       #.....       98%         2    ##.....
 Searing Ray              Conj           #.....       98%         2    ##.....
 Call Canine Familiar     Summ           #.......     100%        3    ###....
 Confuse                  Hex            #.......     100%        3    ###....
 Dazzling Spray           Conj/Hex       #.....       100%        3    ###....
 Gell's Gravitas          Tloc           #.........   100%        3    ###....
 Lesser Beckoning         Tloc           #.........   100%        3    ###....
 Mephitic Cloud           Conj/Pois/Air  #.......     100%        3    ###....
 Summon Guardian Golem    Hex/Summ       #.......     100%        3    ###....
 Tukima's Dance           Hex            #.......     100%        3    ###....
 Force Lance              Conj/Tloc      #.......     100%        4    ####...
 Fulminant Prism          Conj/Hex       #.........   100%        4    ####...
 Iskenderun's Mystic Bla  Conj           #.......     100%        4    ####...
 Olgreb's Toxic Radiance  Pois           #.......     100%        4    ####...
 Petrify                  Tmut/Erth      #.......     100%        4    ####...
 Summon Ice Beast         Ice/Summ       #.......     100%        4    ####...
 Summon Lightning Spire   Summ/Air       #.......     100%        4    ####...
 Alistair's Intoxication  Tmut/Pois      #.......     100%        5    ######.
 Metabolic Englaciation   Hex/Ice        #.........   100%        5    ######.
 Venom Bolt               Conj/Pois      #.........   100%        5    ######.
 Yara's Violent Unravell  Hex/Tmut       #.........   100%        5    ######.
 Invisibility             Hex            #.......     100%        6    #######


Dungeon Overview and Level Annotations

Branches:
Dungeon (13/15)            Temple (0/1) D:5            Lair (2/6) D:10
    Orc (0/2) D:12
  Swamp: Lair:2-4    Shoals: Lair:2-4     Snake: Lair:2-4    Spider: Lair:2-4
 Vaults: D:13-14

Altars:
Ashenzari
Makhleb
Okawaru
Ru
Trog
Vehumet
Wu Jian
Xom
Zin


Innate Abilities, Weirdness & Mutations

You reflexively headbutt those who attack you in melee.
You have a pair of horns on your head.


Message History

The electric eel completely resists.
The electric eel shoots out a bolt of lightning at you!
The bolt of electricity misses you.
Your unstable footing causes you to fumble your attack.
You completely miss the electric eel. You headbutt the electric eel!
The electric eel is almost dead.
You closely miss the electric eel.
The electric eel shoots out a bolt of lightning at you!
The bolt of electricity hits you!
* * * LOW HITPOINT WARNING * * *
The bolt of electricity misses you.
The bolt of electricity hits the electric eel.
The electric eel completely resists.
The electric eel shoots out a bolt of lightning at you!
The bolt of electricity misses you.
Your unstable footing causes you to fumble your attack.
Your unstable footing causes you to fumble your attack.
The electric eel shoots out a bolt of lightning at you!
The bolt of electricity hits you!
You die...

##### ### #≈≈≈♣ ≈≈≈≈ #≈≈≈##≈≈≈≈≈
#≈≈;;≈≈≈.# ### #≈≈@≈≈≈# ##.###
#≈≈##### #....# #'##
####....♣♣♣≈≈♣♣#♣♣##♣##♣#♣#♣##
#.#......♣♣≈≈≈≈≈≈≈♣≈P♣♣≈≈≈≈≈.♣ #
##......♣♣♣≈≈≈≈≈≈≈≈≈≈≈≈≈≈≈≈P..
####........♣♣♣≈≈≈≈≈≈≈≈≈≈≈P≈≈≈≈≈.
.##.........♣ ♣♣♣♣≈≈♣♣♣P≈♣♣≈≈≈≈≈.
..#.........♣♣ ♣♣♣♣♣♣♣♣♣♣≈≈≈≈≈.


You could see 2 electric eels.

Vanquished Creatures
  Nessos (D:13)
  Josephine (D:13)
  A centaur warrior (D:13)
  6 two-headed ogres
  A tengu warrior (D:13)
  An unseen horror (D:12)
  3 manticores (D:13)
  3 cyclopes
  A black mamba (Lair:2)
  Joseph (D:7)
  A gargoyle (D:12)
  3 spiny frogs (Lair:2)
  A freezing wraith (D:11)
  3 komodo dragons
  6 trolls
  A tengu conjurer (D:13)
  13 slime creatures
  7 blink frogs (Lair:2)
  3 hippogriffs
  A shadow (D:13)
  4 wraiths
  22 yaks
  2 wyverns
  4 hungry ghosts
  2 basilisks
  A steam dragon (D:9)
  2 vampire mosquitoes (D:12)
  5 water moccasins
  5 porcupines
  7 orc warriors
  Purgy (Sewer)
  3 ice beasts
  4 sky beasts
  9 ogres
  3 phantoms
  6 centaurs
  5 crocodiles
  2 big kobolds
  13 bullfrogs
  5 scorpions
  4 wights (D:9)
  5 howler monkeys
  An electric eel (Lair:2)
  A crimson imp (D:11)
  A bullfrog zombie (D:12)
  A centaur zombie (D:5)
  3 jellies
  5 hounds
  10 orc priests
  A bullfrog skeleton (D:13)
  14 orc wizards
  4 worker ants
  2 iguanas
  A hound zombie (D:11)
  2 worker ant zombies
  4 gnolls (D:3)
  13 adders
  2 river rats (D:3)
  5 shadow imps
  2 oozes
  An adder zombie (D:9)
  A worm (D:3)
  A dart slug (D:3)
  8 leopard geckos
  37 orcs
  A ball python (D:7)
  5 giant cockroaches
  9 goblins
  5 hobgoblins
  6 jackals
  5 quokkas
  6 bats
  11 frilled lizards
  20 kobolds
  14 rats
374 creatures vanquished.

Vanquished Creatures (others)
  A fungus (Lair:2)
  A plant (D:3)
  7 toadstools (Lair:2)
9 creatures vanquished.

Grand Total: 383 creatures vanquished

Notes
Turn   | Place    | Note
-------+----------+-------------------------------------------
     0 | D:1      | Nixze the Minotaur Fighter began the quest for the Orb.
     0 | D:1      | Reached XP level 1. HP: 19/19 MP: 0/0
   141 | D:1      | Reached skill level 3 in Axes
   196 | D:1      | Reached XP level 2. HP: 26/27 MP: 1/1
   221 | D:1      | Found an iron altar of Okawaru.
   230 | D:1      | Became a worshipper of Warmaster Okawaru
   508 | D:2      | Reached XP level 3. HP: 31/33 MP: 2/2
   595 | D:2      | Found a burning altar of Makhleb.
   613 | D:2      | Reached skill level 4 in Axes
   778 | D:2      | Reached XP level 4. HP: 36/41 MP: 3/3
  1764 | D:3      | Reached XP level 5. HP: 10/47 MP: 4/4
  1770 | D:3      | Reached skill level 5 in Axes
  1934 | D:3      | Found a glowing drain.
  1943 | Sewer    | Entered a sewer
  2025 | Sewer    | Noticed Purgy
  2035 | Sewer    | Killed Purgy
  2035 | Sewer    | Reached * piety under Okawaru
  2035 | Sewer    | Reached skill level 5 in Fighting
  2350 | D:3      | Reached XP level 6. HP: 56/56 MP: 5/5
  2490 | D:3      | Reached skill level 5 in Shields
  3218 | D:4      | Reached skill level 6 in Axes
  3293 | D:4      | Reached ** piety under Okawaru
  3293 | D:4      | Reached XP level 7. HP: 57/62 MP: 6/6
  3364 | D:4      | Reached skill level 7 in Axes
  3600 | D:4      | Got a smoking falchion
  3601 | D:4      | Identified the +6 falchion of the Eggplant {speed, Str+7
                  | Dex-2} (You found it on level 4 of the Dungeon)
  4030 | D:5      | Entered Level 5 of the Dungeon
  4094 | D:5      | Found a radiant altar of Vehumet.
  4168 | D:5      | Found a shattered altar of Ashenzari.
  4222 | D:5      | Reached skill level 1 in Spellcasting
  4351 | D:5      | Reached skill level 8 in Axes
  4351 | D:5      | Reached XP level 8. HP: 64/71 MP: 8/8
  4441 | D:5      | Reached *** piety under Okawaru
  4713 | D:5      | Found a staircase to the Ecumenical Temple.
  5034 | D:6      | Reached skill level 9 in Axes
  5160 | D:6      | Found a sacrificial altar of Ru.
  5376 | D:6      | Found an ornate altar of the Wu Jian Council.
  5376 | D:6      | Found a bloodstained altar of Trog.
  5690 | D:7      | Found a shimmering altar of Xom.
  5691 | D:7      | Found a shimmering altar of Xom.
  5691 | D:7      | Found a shimmering altar of Xom.
  5691 | D:7      | Found a shimmering altar of Xom.
  5847 | D:7      | Noticed Joseph
  5858 | D:7      | Killed Joseph
  5858 | D:7      | Reached **** piety under Okawaru
  5858 | D:7      | Reached XP level 9. HP: 39/80 MP: 8/12
  6023 | D:7      | Reached skill level 10 in Axes
  6082 | D:7      | Found a shattered altar of Ashenzari.
  7170 | D:9      | Reached ***** piety under Okawaru
  7170 | D:9      | Reached skill level 11 in Axes
  7622 | D:9      | Noticed a troll
  7629 | D:9      | Killed a troll
  7629 | D:9      | Reached XP level 10. HP: 66/90 MP: 11/14
  7931 | D:9      | Received a gift from Okawaru
  7937 | D:9      | Got a shimmering glaive {god gift}
  7943 | D:9      | Identified the +9 glaive of the Yoke {chop, -Tele Dex+6}
                  | (Okawaru gifted it to you on level 9 of the Dungeon)
  7983 | D:9      | Found a glowing silver altar of Zin.
  8305 | D:10     | Entered Level 10 of the Dungeon
  8411 | D:10     | Noticed a two-headed ogre
  8411 | D:10     | Noticed a two-headed ogre
  8418 | D:9      | Killed a two-headed ogre
  8418 | D:9      | Reached skill level 12 in Axes
  9019 | D:10     | Found a staircase to the Lair.
  9115 | D:10     | Killed a two-headed ogre
  9115 | D:10     | Received a gift from Okawaru
  9115 | D:10     | Reached skill level 10 in Fighting
  9164 | D:10     | Reached skill level 13 in Axes
  9190 | D:10     | Reached XP level 11. HP: 80/99 MP: 16/16
  9197 | D:10     | Reached skill level 10 in Shields
 10016 | D:11     | Noticed a two-headed ogre
 10022 | D:11     | Killed a two-headed ogre
 10511 | D:11     | Reached skill level 5 in Spellcasting
 10866 | D:11     | Received a gift from Okawaru
 11971 | D:12     | Found a staircase to the Orcish Mines.
 11981 | D:12     | Reached skill level 14 in Axes
 12522 | D:12     | Noticed an unseen horror
 12531 | D:12     | Killed an unseen horror
 12531 | D:12     | Reached skill level 5 in Armour
 12893 | D:13     | Reached XP level 12. HP: 101/110 MP: 19/19
 12904 | D:13     | Noticed Josephine
 12914 | D:13     | Killed Josephine
 13222 | D:13     | Noticed a two-headed ogre
 13229 | D:13     | Noticed a two-headed ogre
 13230 | D:13     | Killed a two-headed ogre
 13243 | D:13     | Killed a two-headed ogre
 13356 | D:13     | Reached skill level 15 in Axes
 13461 | D:13     | Noticed a two-headed ogre
 13465 | D:13     | Killed a two-headed ogre
 13465 | D:13     | Noticed a centaur warrior
 13479 | D:13     | Killed a centaur warrior
 13479 | D:13     | Received a gift from Okawaru
 13668 | D:13     | Noticed a tengu warrior
 13680 | D:13     | Killed a tengu warrior
 13733 | D:13     | Reached ****** piety under Okawaru
 14057 | D:13     | Received a gift from Okawaru
 14154 | D:13     | Noticed Nessos
 14174 | D:13     | Killed Nessos
 14655 | Lair:1   | Entered Level 1 of the Lair of Beasts
 15387 | Lair:2   | Reached XP level 13. HP: 118/118 MP: 21/21
 15495 | Lair:2   | Reached skill level 16 in Axes
 15516 | Lair:2   | Found a runed door.
 16049 | Lair:2   | Got a shimmering plate armour
 16060 | Lair:2   | Identified the +1 plate armour "Quisierrud" {MP+9 Int+3}
                  | (You found it on level 2 of the Lair of Beasts)
 16368 | Lair:2   | HP: 6/178 [electric eel/bolt of electricity (11)]
 16370 | Lair:2   | Killed from afar by an electric eel

Skill      XL: |  1  2  3  4  5  6  7  8  9 10 11 12 13 |
---------------+----------------------------------------+-----
Axes           | 3 4 5 6 8 9 11 13 14 15 16 | 16.1
Fighting       | 4 5 6 7 8 10 11 12 | 12.3
Shields        | 4 5 6 7 8 9 11 12 | 12.2
Spellcasting   | 1 2 3 4 5 6 |  6.5
Armour         | 5 7 8 |  8.0

Action                   |  1- 3 |  4- 6 |  7- 9 | 10-12 | 13-15 || total
-------------------------+-------+-------+-------+-------+-------++-------
Melee: War axe           |    73 |   157 |   261 |   506 |    75 ||  1072
       Headbutt          |     8 |    14 |    40 |   100 |    20 ||   182
Invok: Heroism           |       |     1 |     4 |     4 |       ||     9
 Abil: Evoke Berserk Rag |       |       |       |       |     1 ||     1
  Use: Potion            |       |     1 |       |       |       ||     1
       Scroll            |       |     4 |    10 |       |    10 ||    24
 Stab: Distracted        |       |       |       |     1 |       ||     1
  Eat: Chunk             |       |     8 |    11 |    24 |     3 ||    46
       Ration            |       |       |     2 |     1 |       ||     3
Armor: Scale mail        |    35 |    39 |       |       |       ||    74
       Troll leather arm |       |    14 |    36 |    20 |       ||    70
       Plate armour      |       |       |       |   103 |    19 ||   122
Dodge: Dodged            |    26 |    56 |    58 |   111 |     9 ||   260
Block: Shield            |    47 |    81 |   109 |   277 |    30 ||   544
